 Dungeon Crawl Stone Soup version 0.28-a0-1339-ga5422284a4 (webtiles) character file.

Game seed: 3001120774649347264

163980 RepHenryClay the Cruncher (level 17, -15/133 HPs)
             Began as a Gnoll Wanderer on Dec 28, 2021.
             Was the Champion of Okawaru.
             Demolished by a radroach (49 damage)
             ... on level 3 of the Spider Nest.
             The game lasted 01:24:07 (47498 turns).

RepHenryClay the Cruncher (Gnoll Wanderer)         Turns: 47498, Time: 01:24:07

Health: -15/133    AC: 29    Str: 19 (21) XL:     17   Next: 84%
Magic:  33/33      EV: 14    Int:  9 (13) God:    Okawaru [******]
Gold:   1818       SH: 13    Dex: 23 (26) Spells: 34/40 levels left

rFire   . . .      SeeInvis +   b - +5 dagger of Beogh's Displeasure {venom, Dex+3 SInv}
rCold   . . .      Faith    .   h - +0 buckler
rNeg    . . .      Spirit   .   U - +8 plate armour of Parts Unknown {rCorr Int+4 Dex+4}
rPois   +          Reflect  +   p - +0 helmet
rElec   .          Harm     .   F - +1 cloak
rCorr   +          Rampage  .   (no gloves)
Will    ++...                   S - +0 pair of boots "Lusaheoz" {rPois}
Stlth   +.........              O - amulet of reflection
HPRegen 0.32/turn               L - ring of willpower
MPRegen 0.23/turn               d - +6 ring of strength

@: about to teleport, contaminated, glowing
A: fangs 1, strong nose, distributed training
a: Renounce Religion, Heroism, Finesse, Duel


You were on level 3 of the Spider Nest.
You worshipped Okawaru.
Okawaru was exalted by your worship.
You visited 5 branches of the dungeon, and saw 28 of its levels.
You also visited: Ice Cave.

You collected 2607 gold pieces.
You spent 789 gold pieces at shops.

Inventory:

Hand Weapons
 a - the +7 Throatcutter {drain, coup de grace}
   (You found it on level 7 of the Dungeon)

   A truly terrible weapon, it drains the life of any living foe it strikes.
   It may instantly kill foes which have little health.
 b - the +5 dagger of Beogh's Displeasure (weapon) {venom, Dex+3 SInv}
   (You found it on level 4 of the Lair of Beasts)

   It poisons the flesh of those it strikes.
   Dex:       It affects your dexterity (+3).
   SInv:      It lets you see invisible.
 E - a +0 scimitar of flaming
Missiles
 i - 50 poisoned darts
 o - 7 javelins (quivered)
 s - 4 curare-tipped darts
 G - 6 silver javelins
 R - a throwing net
 X - 6 atropa-tipped darts
 Z - 18 boomerangs of dispersal
Armour
 h - a +0 buckler (worn)
 p - a +0 helmet (worn)
 q - the -5 pair of gloves of Inference {rN+ Regen+ Str+4 Slay+3}
   (Okawaru gifted it to you on level 3 of the Lair of Beasts)

   Str:       It affects your strength (+4).
   Slay:      It affects your accuracy & damage with ranged weapons and melee
   (+3).
   rN:        It protects you from negative energy.
   Regen:     It increases your rate of health regeneration.
 F - a +1 cloak (worn)
 S - the +0 pair of boots "Lusaheoz" (worn) {rPois}
   (Okawaru gifted it to you on level 6 of the Lair of Beasts)

   rPois:     It protects you from poison.
 T - the +0 pair of boots "Yrhaonuw" {rC+}
   (You bought it in a shop on level 2 of the Orcish Mines)

   rC:        It protects you from cold.
 U - the +8 plate armour of Parts Unknown (worn) {rCorr Int+4 Dex+4}
   (Okawaru gifted it to you on level 3 of the Spider Nest)

   Int:       It affects your intelligence (+4).
   Dex:       It affects your dexterity (+4).
   rCorr:     It protects you from acid and corrosion.
 V - the +7 crystal plate armour of Raihuyd {Str+4}
   (Okawaru gifted it to you on level 1 of the Spider Nest)

   Str:       It affects your strength (+4).
Jewellery
 d - a +6 ring of strength (right hand)
 u - a ring of see invisible
 A - a ring of fire
 C - a +4 ring of evasion
 L - a ring of willpower (left hand)
 O - an amulet of reflection (around neck)
 Q - a ring of protection from cold
 Y - a ring of ice
Wands
 j - a wand of paralysis (11)
 l - a wand of acid (4)
 w - a wand of flame (15)
 I - a wand of iceblast (16)
 M - a wand of digging (6)
Scrolls
 c - 11 scrolls of identify {@r1}
 f - 5 scrolls of immolation
 g - a scroll of blinking
 m - 6 scrolls of teleportation
 n - 8 scrolls of fog
 t - 2 scrolls of brand weapon
 y - a scroll of magic mapping
 K - 4 scrolls of fear
 N - 2 scrolls of enchant weapon
 P - 4 scrolls of holy word
 W - 2 scrolls of enchant armour
Potions
 e - 5 potions of curing
 k - 4 potions of magic
 r - 4 potions of might
 v - 3 potions of resistance
 x - 3 potions of heal wounds
 z - 5 potions of brilliance
 B - 5 potions of mutation
 D - 5 potions of haste
 J - 2 potions of attraction
Miscellaneous
 H - a condenser vane


   Skills:
 + Level 12.2 Fighting
 + Level 12.0 Short Blades
 + Level 12.0 Long Blades
 + Level 12.0 Axes
 + Level 12.0 Maces & Flails
 + Level 12.0 Polearms
 + Level 13.5 Staves
 + Level 12.0 Slings
 + Level 12.0 Bows
 + Level 12.0 Crossbows
 + Level 12.0 Throwing
 + Level 12.2 Armour
 + Level 12.8 Dodging
 + Level 12.6 Stealth
 + Level 12.0 Shields
 + Level 12.0 Unarmed Combat
 + Level 12.0 Spellcasting
 + Level 10.1 Conjurations
 + Level 10.1 Hexes
 + Level 10.1 Summonings
 + Level 10.1 Necromancy
 + Level 10.1 Translocations
 + Level 10.1 Transmutations
 + Level 10.1 Fire Magic
 + Level 10.1 Ice Magic
 + Level 10.1 Air Magic
 + Level 10.1 Earth Magic
 + Level 10.1 Poison Magic
 + Level 13.0 Invocations
 + Level 12.2 Evocations


You had 34 spell levels left.
You knew the following spells:

 Your Spells              Type           Power      Damage    Failure   Level
a - Portal Projectile     Hex/Tloc       46%        N/A       9%          3
b - Frozen Ramparts       Ice            46%        1d6       9%          3

Your spell library contained the following spells:

 Spells                   Type           Power      Damage    Failure   Level
 Freeze                   Ice            92%        1d10      3%          1
 Magic Dart               Conj           92%        1d7       3%          1
 Passwall                 Tmut/Erth      19%        N/A       4%          2
 Searing Ray              Conj           46%        2d6       4%          2
 Sublimation of Blood     Necr           23%        N/A       4%          2
 Wereblood                Tmut           23%        N/A       4%          2
 Confusing Touch          Hex            23%        N/A       9%          3
 Gell's Gravitas          Tloc           23%        N/A       9%          3
 Inner Flame              Hex/Fire       23%        N/A       9%          3
 Ozocubu's Armour         Ice            23%        N/A       9%          3
 Swiftness                Air            23%        N/A       9%          3
 Teleport Other           Tloc           23%        N/A       9%          3
 Cause Fear               Hex            11%        N/A       30%         4
 Fulminant Prism          Conj/Hex       11%        3d9       30%         4
 Hailstorm                Conj/Ice       23%        3d7       30%         4
 Ice Form                 Ice/Tmut       23%        N/A       30%         4
 Leda's Liquefaction      Hex/Erth       11%        N/A       30%         4
 Blade Hands              Tmut           11%        N/A       63%         5
 Fireball                 Conj/Fire      11%        3d7       63%         5
 Iskenderun's Battlesphe  Conj           23%        2d8       63%         5
 Yara's Violent Unravell  Hex/Tmut       11%        3d6       63%         5
 Conjure Ball Lightning   Conj/Air       11%        3x3d6     99%         6
 Dispersal                Tloc           11%        N/A       99%         6
 Eringya's Noxious Bog    Tmut/Pois      11%        N/A       99%         6
 Iron Shot                Conj/Erth      11%        9d3       99%         6
 Enfeeble                 Hex            11%        N/A       100%        7
 Orb of Destruction       Conj           11%        9d5       100%        7
 Ozocubu's Refrigeration  Ice            11%        4d7       100%        7
 Discord                  Hex            11%        N/A       100%        8
 Call Canine Familiar     Summ           Unusable   N/A       N/A         3
 Animate Armour           Summ/Erth      Unusable   N/A       N/A         4
 Summon Ice Beast         Ice/Summ       Unusable   N/A       N/A         4
 Summon Forest            Summ/Tloc      Unusable   N/A       N/A         5
 Summon Hydra             Summ           Unusable   N/A       N/A         7

Dungeon Overview and Level Annotations

Branches:
Dungeon (15/15)            Temple (1/1) D:6            Lair (6/6) D:9
  Swamp (0/4) Lair:3       Spider (4/4) Lair:3        Slime (0/5) Lair:5
    Orc (2/2) D:12         Vaults (0/5) D:13         Depths (0/4) D:15
  IceCv (visited)
    Elf: Orc:2

Altars:
Ashenzari
Cheibriados
Dithmenos
Elyvilon
Fedhas
Gozag
Hepliaklqana
Kikubaaqudgha
Makhleb
Nemelex Xobeh
Okawaru
Qazlal
Ru
Sif Muna
Trog
Uskayaw
Vehumet
Wu Jian
Xom
Yredelemnul
Zin
The Shining One
Beogh
Jiyva
Lugonu

Shops:
D:1 (   D:6 *?   D:8 =   D:10 =   D:11 *   Orc:2 [

Annotations:
D:13 unfinished
Spider:1 3 runed translucent doors, oldriver's ghost, journeyman FeSu
Orc:2 Saint Roka


Innate Abilities, Weirdness & Mutations

You have very sharp teeth.
Your uncanny sense of smell can sniff out nearby items.
Your experience applies equally to all skills.


Message History

There is a stone staircase leading down, spattered with blood here.
Unknown command.
Press: ? - help, v - describe, . - travel
Here: a radroach The floor.
Unknown command.
You hit the radroach but do no damage.
The radroach is poisoned.
The redback closely misses you.
You hit the radroach but do no damage.
The radroach looks as sick as possible!
The radroach is lightly wounded.
The redback barely misses you.
The radroach erupts in a fountain of uncontrolled magic!
You are blasted with magical radiation!!!
You are contaminated with residual magic.
Huge Dmg: -30%(-40hp) hp: 48%(63hp)
You hit the radroach but do no damage.
The radroach looks as sick as possible!
The radroach is lightly wounded.
You miss the redback.
The redback is heavily wounded.
The redback bites you but does no damage.
You block the radroach's attack.
The radroach claws you but does no damage.
You barely miss the redback.
The redback is heavily wounded.
The redback bites you but does no damage.
You hit the redback.
The redback is severely wounded.
The redback bites you but does no damage.
The radroach erupts in a fountain of uncontrolled magic!
You are blasted with magical radiation!!
* * * LOW HITPOINT WARNING * * *
Huge Dmg: -23%(-30hp) hp: 26%(34hp)
Press: ? - help, v - describe, . - travel
Here: a radroach (lightly wounded, extremely poisoned)
The floor.
As you read the scroll of teleportation, it crumbles to dust.
You feel strangely unstable. You block the redback's attack.
The radroach erupts in a fountain of uncontrolled magic!
You are blasted with magical radiation!!!
You die...

^....^.........###..#...>.....##...
...<....^.......##..#.........#....
.........)....#.#...#.........##...
..............##......^......#.#...
...................######..##.##...
..............##..## ##....##...
.###..###########.### ####...#####
.#####^.# ##...## #........###
#.#####.########.@s..###.......#.#.
......[......##.B.†..^.#......####.
.............##.......##.....## #.
#...........###.......#.^....# #.
#...........###^.^....^....#.#####.
...(........^#.........#..###.#^##.
.##...................##..# #...###
.#######.#####......####..# #.....#
.#######.#####.....## #^.# ##....#


You could see a radroach (extremely poisoned) and a redback (very poisoned).

Vanquished Creatures
  Rupert (D:13)
  Jorgrun (D:13)
  Frances (D:12)
  4 ghost moths
  4 emperor scorpions
  Louise (D:14)
  2 broodmothers (Spider:2)
  2 entropy weavers
  A spark wasp (Lair:3)
  A fire dragon (D:11)
  Snorg (D:14)
  9 hydras
  Josephine (Orc:1)
  3 boulder beetles
  An ice dragon (D:13)
  A rakshasa (D:15)
  5 centaur warriors
  A merfolk avatar (Lair:6)
  A catoblepas (Lair:6)
  A death knight (D:15)
  3 two-headed ogres
  6 death yaks
  Erica (D:9)
  A tengu warrior (D:12)
  An orc high priest (Orc:2)
  Urug (Lair:2)
  Sonja (D:13)
  Nergalle (Orc:1)
  6 skeletal warriors
  3 pharaoh ants
  A sun moth (Spider:2)
  2 sea snakes (Lair:6)
  A glowing orange brain (D:15)
  7 orb spiders
  A flayed ghost (D:14)
  6 steelbarb worms
  4 bog bodies
  A wizard (D:14)
  A lindwurm (Lair:5)
  A phantasmal warrior (D:15)
  3 orc knights
  2 harpies (Lair:6)
  A necromancer (IceCv)
  Pikel (D:6)
  13 ugly things
  6 deep elf pyromancers
  16 wolf spiders
  3 orc sorcerers (Orc:2)
  4 cyclopes
  17 elephants
  2 moths of wrath (Spider:3)
  5 manticores
  7 black mambas
  2 ice statues (IceCv)
  Joseph (D:7)
  4 torpor snails
  3 gargoyles
  17 cane toads
  12 rime drakes
  A kobold demonologist (D:11)
  6 demonic crawlers
  9 komodo dragons
  3 tengu conjurers
  A yaktaur (D:15)
  5 entropy weaver simulacra (IceCv)
  2 freezing wraiths
  An anaconda simulacrum (IceCv)
  4 ice devils (IceCv)
  Prince Ribbit (D:7)
  6 trolls
  2 hornets
  3 polar bears
  6 meliai
  27 tarantellas
  18 slime creatures
  A snapping turtle (Lair:6)
  23 blink frogs
  26 jumping spiders
  3 dire elephant simulacra (IceCv)
  24 culicivoras
  2 shadows
  8 wraiths
  16 wyverns
  44 yaks
  11 basilisks
  2 steam dragons
  21 vampire mosquitoes
  47 redbacks
  Menkaure (D:7)
  2 swamp worms (Lair:3)
  A harpy simulacrum (IceCv)
  14 water moccasins
  3 wargs
  3 acid dragons
  Duvessa (D:7)
  38 orc warriors
  2 ice beasts
  2 black bears
  3 necrophages
  A tengu (shapeshifter) (D:15)
  An ogre (Orc:1)
  3 wolves (Lair:4)
  14 centaurs
  A lemure (D:7)
  A gnoll sergeant (D:10)
  2 kobold brigands (D:11)
  6 bullfrogs
  3 scorpions
  A two-headed ogre simulacrum (Orc:1)
  2 cane toad simulacra (Orc:1)
  A water moccasin zombie (D:6)
  2 wyvern skeletons
  Dowan (D:7)
  7 killer bees
  4 howler monkeys
  12 wights
  4 electric eels
  3 centaur zombies
  23 orc priests
  4 hounds
  A jelly (D:4)
  Crazy Yiuf (D:7)
  Ijyb (D:5)
  7 iguanas
  25 orc wizards
  14 hell rats
  2 polar bear simulacra
  2 spriggan simulacra
  A killer bee zombie (D:7)
  3 troll simulacra
  A hound zombie (D:5)
  A hound skeleton (D:4)
  2 howler monkey zombies
  Robin (D:1)
  5 gnolls (D:10)
  8 adders
  2 naga simulacra (Orc:1)
  4 river rats (Lair:1)
  A shadow imp (D:8)
  2 ufetubi
  An adder skeleton (D:4)
  3 worms (D:2)
  3 dart slugs
  85 orcs
  7 endoplasms
  6 giant cockroaches
  19 goblins
  3 hobgoblins
  2 jackals (D:4)
  9 kobolds
  4 quokkas
  6 ball pythons
  7 bats
  3 frilled lizards (D:3)
  10 rats
951 creatures vanquished.

Vanquished Creatures (others)
  An orc wizard (D:3)
  39 fungi
  152 plants
192 creatures vanquished.

Grand Total: 1143 creatures vanquished

Notes
Turn   | Place    | Note
-------+----------+-------------------------------------------
     0 | D:1      | RepHenryClay the Gnoll Wanderer began the quest for the
                  | Orb.
     0 | D:1      | RepHenryClay set off with the following items: a +3
                  | quarterstaff, a +0 scale mail
     0 | D:1      | Reached XP level 1. HP: 17/17 MP: 1/1
   173 | D:1      | Reached XP level 2. HP: 23/23 MP: 2/2
   244 | D:1      | Found Idomeg's Weapon Boutique.
   541 | D:1      | Found a faded altar of an unknown god.
   862 | D:2      | Noticed Robin
   919 | D:2      | Reached XP level 3. HP: 28/28 MP: 3/3
   937 | D:2      | Found an ancient bone altar of Kikubaaqudgha.
  1289 | D:2      | Reached skill level 1 in Invocations
  1327 | D:2      | Reached skill level 1 in Short Blades
  1327 | D:2      | Reached skill level 1 in Long Blades
  1327 | D:2      | Reached skill level 1 in Axes
  1327 | D:2      | Reached skill level 1 in Maces & Flails
  1327 | D:2      | Reached skill level 1 in Polearms
  1327 | D:2      | Reached skill level 1 in Slings
  1327 | D:2      | Reached skill level 1 in Bows
  1327 | D:2      | Reached skill level 1 in Crossbows
  1327 | D:2      | Reached skill level 1 in Throwing
  1327 | D:2      | Reached skill level 1 in Shields
  1327 | D:2      | Reached skill level 1 in Unarmed Combat
  1327 | D:2      | Reached skill level 1 in Spellcasting
  1659 | D:2      | Reached XP level 4. HP: 34/34 MP: 5/5
  1664 | D:1      | Killed Robin
  2014 | D:2      | Reached skill level 1 in Conjurations
  2014 | D:2      | Reached skill level 1 in Hexes
  2014 | D:2      | Reached skill level 1 in Summonings
  2014 | D:2      | Reached skill level 1 in Necromancy
  2014 | D:2      | Reached skill level 1 in Translocations
  2014 | D:2      | Reached skill level 1 in Transmutations
  2014 | D:2      | Reached skill level 1 in Fire Magic
  2014 | D:2      | Reached skill level 1 in Ice Magic
  2014 | D:2      | Reached skill level 1 in Air Magic
  2014 | D:2      | Reached skill level 1 in Earth Magic
  2014 | D:2      | Reached skill level 1 in Poison Magic
  2461 | D:3      | Reached XP level 5. HP: 40/40 MP: 6/6
  2628 | D:3      | You fall into a shaft and drop 2 floors!
  2628 | D:5      | Entered Level 5 of the Dungeon
  2768 | D:4      | Reached XP level 6. HP: 47/47 MP: 8/8
  2877 | D:3      | Found a bloodstained altar of Trog.
  2992 | D:4      | Found a sparkling altar of Nemelex Xobeh.
  3166 | D:4      | Reached skill level 5 in Dodging
  3479 | D:4      | Found a glowing golden altar of the Shining One.
  3740 | D:4      | Reached XP level 7. HP: 52/52 MP: 10/10
  3907 | D:5      | Found a broken altar of Ashenzari.
  4034 | D:5      | Reached skill level 5 in Stealth
  4119 | D:5      | Found a hide-covered altar of Uskayaw.
  4180 | D:5      | Noticed Ijyb
  4471 | D:6      | Reached XP level 8. HP: 56/60 MP: 12/12
  4673 | D:6      | Found Quoxzicyrph's Magic Scroll Shoppe.
  4676 | D:6      | Bought a scroll of blinking for 97 gold pieces
  4676 | D:6      | Bought a scroll of identify for 26 gold pieces
  4676 | D:6      | Bought a scroll of identify for 26 gold pieces
  4676 | D:6      | Bought a scroll of identify for 26 gold pieces
  4676 | D:6      | Bought a scroll of identify for 26 gold pieces
  4711 | D:6      | Found Vowkorch's CLEARANCE SALE!.
  4804 | D:6      | Found a staircase to the Ecumenical Temple.
  4834 | Temple   | Entered the Ecumenical Temple
  4849 | Temple   | Became a worshipper of Warmaster Okawaru
  4926 | D:6      | Found a basalt altar of Yredelemnul.
  5094 | D:6      | Found a sacrificial altar of Ru.
  5123 | D:6      | Reached * piety under Okawaru
  5299 | D:7      | Noticed Pikel
  5813 | D:6      | Killed Pikel
  5813 | D:6      | Reached ** piety under Okawaru
  5814 | D:6      | Reached XP level 9. HP: 54/67 MP: 12/15
  5991 | D:7      | Noticed Prince Ribbit
  6005 | D:7      | Killed Prince Ribbit
  6006 | D:7      | Reached skill level 5 in Fighting
  6006 | D:7      | Reached skill level 5 in Armour
  6006 | D:7      | Reached skill level 5 in Evocations
  6391 | D:7      | Noticed Menkaure
  6592 | D:7      | Killed Menkaure
  6658 | D:7      | Found a burning altar of Makhleb.
  6658 | D:7      | Noticed an Executioner
  6670 | D:7      | Noticed Dowan
  6672 | D:7      | Noticed Duvessa
  6692 | D:7      | Noticed Joseph
  6698 | D:7      | Reached skill level 5 in Invocations
  6704 | D:7      | Killed Duvessa
  6705 | D:7      | Killed Dowan
  7059 | D:7      | Found the +7 Throatcutter {drain, coup de grace}
  7104 | D:7      | Found a blossoming altar of Fedhas.
  7552 | D:7      | Found a runed translucent door.
  7553 | D:7      | Noticed Crazy Yiuf
  7558 | D:7      | Killed Crazy Yiuf
  7860 | D:8      | Reached XP level 10. HP: 61/74 MP: 17/17
  7979 | D:8      | Reached *** piety under Okawaru
  8092 | D:8      | Found a radiant altar of Vehumet.
  8196 | D:8      | Reached skill level 5 in Short Blades
  8196 | D:8      | Reached skill level 5 in Long Blades
  8196 | D:8      | Reached skill level 5 in Axes
  8196 | D:8      | Reached skill level 5 in Maces & Flails
  8196 | D:8      | Reached skill level 5 in Polearms
  8196 | D:8      | Reached skill level 5 in Slings
  8196 | D:8      | Reached skill level 5 in Bows
  8196 | D:8      | Reached skill level 5 in Crossbows
  8196 | D:8      | Reached skill level 5 in Throwing
  8196 | D:8      | Reached skill level 5 in Shields
  8196 | D:8      | Reached skill level 5 in Unarmed Combat
  8196 | D:8      | Reached skill level 5 in Spellcasting
  8854 | D:8      | Found Tiup's Jewellery Boutique.
  9150 | D:7      | Killed Joseph
  9522 | D:5      | Killed Ijyb
  9650 | D:9      | Noticed a two-headed ogre
  9658 | D:9      | Killed a two-headed ogre
  9658 | D:9      | Received a gift from Okawaru
  9840 | D:9      | Found an ornate altar of the Wu Jian Council.
 10113 | D:9      | Found a snail-covered altar of Cheibriados.
 10212 | D:9      | Found a staircase to the Lair.
 10354 | D:9      | Noticed Erica
 10376 | D:9      | Killed Erica
 10376 | D:9      | Reached **** piety under Okawaru
 10377 | D:9      | Reached XP level 11. HP: 45/83 MP: 19/19
 10639 | D:9      | Found a shimmering altar of Xom.
 10724 | D:9      | Noticed a two-headed ogre
 10742 | D:9      | Killed a two-headed ogre
 10743 | D:9      | Reached skill level 5 in Conjurations
 10743 | D:9      | Reached skill level 5 in Hexes
 10743 | D:9      | Reached skill level 5 in Summonings
 10743 | D:9      | Reached skill level 5 in Necromancy
 10743 | D:9      | Reached skill level 5 in Translocations
 10743 | D:9      | Reached skill level 5 in Transmutations
 10743 | D:9      | Reached skill level 5 in Fire Magic
 10743 | D:9      | Reached skill level 5 in Ice Magic
 10743 | D:9      | Reached skill level 5 in Air Magic
 10743 | D:9      | Reached skill level 5 in Earth Magic
 10743 | D:9      | Reached skill level 5 in Poison Magic
 11466 | D:10     | Entered Level 10 of the Dungeon
 11630 | D:10     | Paralysed by a hornet for 3 turns
 11633 | D:10     | Received a gift from Okawaru
 11710 | D:10     | Learned a level 3 spell: Portal Projectile
 11771 | D:10     | Identified the +6 flail of Perversion {antimagic, rPois rC-
                  | rCorr Stlth+}
 11824 | D:10     | Found an ancient bone altar of Kikubaaqudgha.
 12225 | D:10     | Found Wetargh Guoph's Jewellery Emporium.
 12234 | D:10     | Bought an amulet of reflection for 360 gold pieces
 12777 | D:11     | Found Illo Vom's Fire Supplies.
 13110 | D:11     | Reached ***** piety under Okawaru
 13330 | D:11     | Identified the +2 scale mail of Omuexzie {Int+3 Dex+4}
 13458 | D:11     | Noticed a fire dragon
 14242 | D:12     | Noticed a manticore
 14471 | D:11     | Killed a manticore
 14613 | D:12     | Found a staircase to the Orcish Mines.
 14636 | D:12     | Received a gift from Okawaru
 14801 | D:12     | Reached XP level 12. HP: 70/91 MP: 22/22
 15065 | D:12     | Noticed a tengu warrior
 15074 | D:12     | Killed a tengu warrior
 15205 | D:12     | Noticed Frances
 15215 | D:12     | Noticed a soul eater
 15217 | D:12     | Killed Frances
 15217 | D:12     | Identified the +1 chain mail "Irghoeg" {Int+3} (Okawaru
                  | gifted it to you on level 12 of the Dungeon)
 15217 | D:12     | Received a gift from Okawaru
 15642 | Lair:1   | Entered Level 1 of the Lair of Beasts
 15996 | Lair:1   | Reached skill level 10 in Staves
 16236 | Lair:1   | Noticed a five-headed hydra
 16247 | Lair:1   | Killed a one-headed hydra
 17907 | Lair:2   | Reached XP level 13. HP: 80/98 MP: 24/24
 18183 | Lair:2   | Noticed Urug
 18238 | Lair:2   | Received a gift from Okawaru
 18263 | Lair:2   | Killed Urug
 19294 | Lair:2   | Received a gift from Okawaru
 19398 | Lair:3   | Found a hole to the Spider Nest.
 19958 | Lair:2   | Reached ****** piety under Okawaru
 20304 | Lair:2   | Received a gift from Okawaru
 20657 | Lair:3   | Identified the -5 pair of gloves of Inference {rN+ Regen+
                  | Str+4 Slay+3} (Okawaru gifted it to you on level 3 of the
                  | Lair of Beasts)
 20657 | Lair:3   | Received a gift from Okawaru
 21157 | Lair:3   | Found a staircase to the Swamp.
 21548 | Lair:4   | Identified the +5 dagger of Beogh's Displeasure {venom,
                  | Dex+3 SInv}
 21727 | Lair:4   | Reached skill level 10 in Dodging
 21727 | Lair:4   | Reached XP level 14. HP: 83/108 MP: 26/26
 21876 | Lair:4   | You fall into a shaft and drop 2 floors!
 21876 | Lair:6   | Entered Level 6 of the Lair of Beasts
 22056 | Lair:5   | Found a viscous altar of Jiyva.
 22056 | Lair:5   | Found a staircase to the Slime Pits.
 22240 | Lair:4   | Reached skill level 10 in Stealth
 22565 | Lair:4   | Received a gift from Okawaru
 22653 | Lair:5   | Reached skill level 10 in Invocations
 23267 | Lair:5   | Received a gift from Okawaru
 23537 | Lair:6   | Received a gift from Okawaru
 23806 | Lair:6   | Received a gift from Okawaru
 24127 | Lair:6   | Received a gift from Okawaru
 24469 | Lair:6   | Reached skill level 10 in Fighting
 24469 | Lair:6   | Reached skill level 10 in Armour
 24469 | Lair:6   | Reached skill level 10 in Evocations
 24768 | Lair:6   | Received a gift from Okawaru
 24860 | Lair:6   | Reached XP level 15. HP: 89/115 MP: 28/28
 25039 | Lair:6   | Received a gift from Okawaru
 25737 | Lair:6   | Identified the +0 pair of boots "Lusaheoz" {rPois} (Okawaru
                  | gifted it to you on level 6 of the Lair of Beasts)
 25737 | Lair:6   | Received a gift from Okawaru
 26231 | Orc:1    | Entered Level 1 of the Orcish Mines
 26293 | Orc:1    | Found a frozen archway.
 26331 | Orc:1    | Noticed Nergalle
 26502 | IceCv    | Entered an ice cave
 27198 | IceCv    | Reached skill level 10 in Short Blades
 27198 | IceCv    | Reached skill level 10 in Long Blades
 27198 | IceCv    | Reached skill level 10 in Axes
 27198 | IceCv    | Reached skill level 10 in Maces & Flails
 27198 | IceCv    | Reached skill level 10 in Polearms
 27198 | IceCv    | Reached skill level 10 in Slings
 27198 | IceCv    | Reached skill level 10 in Bows
 27198 | IceCv    | Reached skill level 10 in Crossbows
 27198 | IceCv    | Reached skill level 10 in Throwing
 27198 | IceCv    | Reached skill level 10 in Shields
 27198 | IceCv    | Reached skill level 10 in Unarmed Combat
 27198 | IceCv    | Reached skill level 10 in Spellcasting
 28084 | Orc:1    | Noticed Josephine
 28095 | Orc:1    | Killed Josephine
 28449 | Orc:1    | Killed Nergalle
 28731 | Orc:2    | Entered Level 2 of the Orcish Mines
 29471 | Orc:2    | Noticed Saint Roka
 29703 | Orc:2    | Found Wuizuuqayp's Antique Armour Boutique.
 30197 | Orc:2    | Bought a pair of polished boots for 228 gold pieces
 30197 | Orc:2    | Identified the +0 pair of boots "Yrhaonuw" {rC+} (You
                  | bought it in a shop on level 2 of the Orcish Mines)
 30892 | D:13     | Noticed Jorgrun
 30923 | D:13     | Killed Jorgrun
 30923 | D:13     | Received a gift from Okawaru
 31086 | D:13     | Noticed Rupert
 31099 | D:13     | Killed Rupert
 31195 | D:13     | Received a gift from Okawaru
 31461 | D:13     | Found a gate to the Vaults.
 31619 | D:13     | Noticed Sonja
 31625 | D:13     | Killed Sonja
 32317 | D:14     | Learned a level 3 spell: Frozen Ramparts
 32340 | D:14     | Noticed Louise
 32364 | D:14     | Killed Louise
 32365 | D:14     | Reached XP level 16. HP: 119/124 MP: 24/30
 32953 | D:14     | Noticed Snorg
 32991 | D:14     | Killed Snorg
 32991 | D:14     | Received a gift from Okawaru
 33287 | D:15     | Entered Level 15 of the Dungeon
 34508 | D:13     | Noticed a storm dragon
 34508 | D:13     | Noticed a storm dragon
 34647 | D:15     | Found a staircase to the Depths.
 35418 | D:15     | Received a gift from Okawaru
 35427 | D:15     | Found a hide-covered altar of Uskayaw.
 35953 | D:15     | Received a gift from Okawaru
 36586 | D:14     | Received a gift from Okawaru
 37270 | D:15     | Found a basalt altar of Yredelemnul.
 37270 | D:15     | Found a shimmering altar of Xom.
 37272 | D:15     | Found a radiant altar of Vehumet.
 37272 | D:15     | Found a radiant altar of Vehumet.
 37272 | D:15     | Found a radiant altar of Vehumet.
 38146 | Spider:1 | Entered Level 1 of the Spider Nest
 38166 | Lair:3   | Received a gift from Okawaru
 39589 | Spider:1 | Identified the +7 crystal plate armour of Raihuyd {Str+4}
                  | (Okawaru gifted it to you on level 1 of the Spider Nest)
 39589 | Spider:1 | Received a gift from Okawaru
 39950 | Spider:1 | Reached XP level 17. HP: 104/132 MP: 32/32
 40100 | Spider:1 | Found a runed translucent gate.
 40100 | Spider:1 | Found a runed translucent gate.
 40100 | Spider:1 | Found a runed translucent gate.
 40106 | Spider:1 | Noticed oldriver's ghost (journeyman FeSu)
 44802 | Spider:3 | Identified the +8 plate armour of Parts Unknown {rCorr
                  | Int+4 Dex+4} (Okawaru gifted it to you on level 3 of the
                  | Spider Nest)
 44802 | Spider:3 | Received a gift from Okawaru
 45132 | Spider:3 | Reached skill level 10 in Conjurations
 45132 | Spider:3 | Reached skill level 10 in Hexes
 45132 | Spider:3 | Reached skill level 10 in Summonings
 45132 | Spider:3 | Reached skill level 10 in Necromancy
 45132 | Spider:3 | Reached skill level 10 in Translocations
 45132 | Spider:3 | Reached skill level 10 in Transmutations
 45132 | Spider:3 | Reached skill level 10 in Fire Magic
 45132 | Spider:3 | Reached skill level 10 in Ice Magic
 45132 | Spider:3 | Reached skill level 10 in Air Magic
 45132 | Spider:3 | Reached skill level 10 in Earth Magic
 45132 | Spider:3 | Reached skill level 10 in Poison Magic
 46666 | Spider:4 | Entered Level 4 of the Spider Nest
 47498 | Spider:3 | Demolished by a radroach

Illustrated notes

Levels and vault maps discovered:
D:1:      dpeg_arrival_signposts, layout_basic, serial_shops,
          nicolae_shop_bloodbath_and_beyond, hellmonk_ecumenical_altar_blasted,
          minmay_pentomino_x4
D:2:      layout_loops_cross, basic_altar, uniq_robin
D:3:      layout_basic, mainiacjoe_overflow_small_starburst
D:4:      layout_rooms, kennysheep_little_box, mainiacjoe_overflow_24_doors
D:5:      layout_basic, old_standard_altar, mainiacjoe_overflow_alcove_2,
          uniq_ijyb
D:6:      layout_rooms, hangedman_ru_absence, kennysheep_mini_moat,
          minmay_temple_entry_slanted, serial_shops, nicolae_shop_behind_doors,
          minmay_crystal_water, grunt_ministairs_6, nicolae_shop_clearance
D:7:      layout_cave_pools, makhleb_altar_promises_db, amcnicky_altar_gilded,
          corexii_item_surrounded_by_moat, uniq_joseph, uniq_menkaure,
          uniq_prince_ribbit1, uniq_pikel, uniq_crazy_yiuf_cottage, uniq_duvessa
D:8:      layout_loops_ring, nicolae_overflow_crystal_walls, serial_shops,
          nicolae_shop_crystal, serial_aquarium, aquarium_bridge_straight
          [aquarium_subvault_bridge, aquarium_subvault_wall,
          aquarium_subvault_bridge, aquarium_subvault_wall],
          aquarium_window_fake, aquarium_window_1, aquarium_window_2,
          aquarium_window_fake, aquarium_view_2d, aquarium_view_2c,
          aquarium_balcony_5b, aquarium_pool_corner
D:9:      layout_grid_maze, mainiacjoe_overflow_cross_hatched,
          mainiacjoe_overflow_tiny_flanked, lemuel_doored_altar,
          david_lair_generic, minmay_fractal_squares_gapless_5, uniq_erica
D:10:     layout_loops_corners, kennysheep_mini, serial_shops,
          nicolae_lakefront_shop
D:11:     layout_irregular_city, chequers_serial_rivers_small_3,
          nicolae_shop_fire_sale [nicolae_sub_dead_trees],
          lightli_fourway_metalbox
D:12:     layout_gridville, david_orc_5, uniq_frances
D:13:     minmay_connected_triangles_in_corner, layout_stronghold,
          david_vaults_4, kennysheep_generic_room_14, uniq_sonja, uniq_rupert,
          uniq_jorgrun
D:14:     layout_roguey, hangedman_decor_points, uniq_louise, uniq_snorg
D:15:     gammafunk_enter_depths_forms, layout_stronghold, doesnt_xom_only_xom
Temple:   corrupted_temple
Lair:1:   layout_cave_pods, minivault_19, minmay_holes,
          kennysheep_abandoned_house, serial_bayou_shore_b, grunt_megastairs_1,
          infiniplex_staircase_pool
Lair:2:   layout_cave_pods, uniq_urug
Lair:3:   layout_long_grid, nicolae_swamp_entry_splash_gauntlet,
          nicolae_spider_entry_orb_guardian
Lair:4:   layout_misc_corridors, special_room [special_room_mythical_zoo],
          beast_lair_carwin_1
Lair:5:   layout_gridlike, dpeg_slime_entry_enclosed_altar
Lair:6:   gammafunk_lair_ancient_temple, layout_gridlike, serial_forest,
          infiniplex_forest_pool, infiniplex_forest_pool,
          infiniplex_forest_lined_room_, infiniplex_forest_clump_curved,
          infiniplex_forest_lined_room_, infiniplex_forest_end_2,
          infiniplex_forest_lined_2, infiniplex_forest_clump_medium,
          minmay_lair_drake_nest, serial_bayou_shore_b
Spider:1: layout_spider_delve, gammafunk_ghost_necromancy,
          hangedman_spider_tarantella_strand
Spider:2: layout_spider_delve
Spider:3: layout_chambers, drop_trap
Spider:4: spider_rune_water
Orc:1:    layout_caves, portal_ice_cave_entry_ice_simulacra, uniq_nergalle,
          uniq_josephine
Orc:2:    grunt_orc_cross, layout_caves, basic_altar, minmay_orc_barracks

Skill      XL: |  1  2  3  4  5  6  7  8  9 10 11 12 13 14 15 16 17 |
---------------+----------------------------------------------------+-----
Invocations    | 1 2 3 4 5 6 7 8 9 10 11 12 13 | 13.0
Short Blades   | 1 2 4 5 6 7 8 9 10 11 12 | 12.0
Long Blades    | 1 2 4 5 6 7 8 9 10 11 12 | 12.0
Axes           | 1 2 4 5 6 7 8 9 10 11 12 | 12.0
Maces & Flails | 1 2 4 5 6 7 8 9 10 11 12 | 12.0
Polearms       | 1 2 4 5 6 7 8 9 10 11 12 | 12.0
Slings         | 1 2 4 5 6 7 8 9 10 11 12 | 12.0
Bows           | 1 2 4 5 6 7 8 9 10 11 12 | 12.0
Crossbows      | 1 2 4 5 6 7 8 9 10 11 12 | 12.0
Throwing       | 1 2 4 5 6 7 8 9 10 11 12 | 12.0
Shields        | 1 2 4 5 6 7 8 9 10 11 12 | 12.0
Unarmed Combat | 1 2 4 5 6 7 8 9 10 11 12 | 12.0
Spellcasting   | 1 2 4 5 6 7 8 9 10 11 12 | 12.0
Conjurations   | 1 2 3 4 5 6 7 8 9 10 | 10.1
Hexes          | 1 2 3 4 5 6 7 8 9 10 | 10.1
Summonings     | 1 2 3 4 5 6 7 8 9 10 | 10.1
Necromancy     | 1 2 3 4 5 6 7 8 9 10 | 10.1
Translocations | 1 2 3 4 5 6 7 8 9 10 | 10.1
Transmutations | 1 2 3 4 5 6 7 8 9 10 | 10.1
Fire Magic     | 1 2 3 4 5 6 7 8 9 10 | 10.1
Ice Magic      | 1 2 3 4 5 6 7 8 9 10 | 10.1
Air Magic      | 1 2 3 4 5 6 7 8 9 10 | 10.1
Earth Magic    | 1 2 3 4 5 6 7 8 9 10 | 10.1
Poison Magic   | 1 2 3 4 5 6 7 8 9 10 | 10.1
Fighting       | 3 4 5 6 7 8 9 10 11 12 | 12.2
Armour         | 3 4 5 6 7 8 9 10 11 12 | 12.2
Evocations     | 3 4 5 6 7 8 9 10 11 12 | 12.2
Dodging        | 5 6 7 8 9 10 11 12 | 12.8
Staves         | 7 8 9 10 11 12 13 | 13.5
Stealth        | 5 6 7 8 9 10 11 12 | 12.6

Action                   |  1- 3 |  4- 6 |  7- 9 | 10-12 | 13-15 | 16-18 || total
-------------------------+-------+-------+-------+-------+-------+-------++-------
Melee: Quarterstaff      |    92 |   114 |   161 |       |       |       ||   367
       Bite              |     7 |    10 |    26 |    53 |   245 |   346 ||   687
       Long sword        |       |       |    30 |   524 |  1246 |   788 ||  2588
       Punch             |       |       |     1 |     2 |       |       ||     3
       Scimitar          |       |       |       |     6 |    38 |    17 ||    61
       Dagger            |       |       |       |       |    45 |   853 ||   898
Throw: Dart              |       |       |    30 |    56 |    81 |    93 ||   260
       Javelin           |       |       |       |       |    25 |    15 ||    40
 Cast: Frozen Ramparts   |       |       |       |       |     2 |     4 ||     6
       Portal Projectile |       |       |       |       |       |     2 ||     2
Invok: Heroism           |       |       |     4 |     6 |    12 |     7 ||    29
       Finesse           |       |       |       |       |     3 |       ||     3
Evoke: Wand              |       |       |     3 |     7 |    19 |       ||    29
       Condenser vane    |       |       |       |       |     2 |     2 ||     4
  Use: Potion            |     1 |       |       |     2 |     3 |     3 ||     9
       Scroll            |       |       |    15 |     7 |    10 |     4 ||    36
 Stab: Sleeping          |     2 |     2 |     1 |    13 |    19 |     5 ||    42
       Paralysed         |       |       |     2 |       |     3 |       ||     5
       Distracted        |       |       |       |     2 |     1 |       ||     3
Armor: Scale mail        |    51 |    35 |    75 |    44 |   226 |   122 ||   553
       Acid dragon scale |       |       |       |    61 |       |       ||    61
       Crystal plate arm |       |       |       |       |       |   367 ||   367
       Plate armour      |       |       |       |       |       |   166 ||   166
Dodge: Dodged            |    51 |    52 |   122 |   459 |   890 |   796 ||  2370
Block: Buckler           |       |       |       |   194 |   824 |  1015 ||  2033
       Reflection        |       |       |       |     5 |    14 |    16 ||    35

Table legend: (Time is in decaauts)
 A = Elapsed time spent in this place.
 B = Non-inter-level travel time spent in this place.
 C = Inter-level travel time spent in this place.
 D = Time resting spent in this place.
 E = Time spent auto-exploring this place.
 F = Levels seen in this place.
 G = Mean time per level.
                   A        B        C        D        E       F      G
               +--------+--------+--------+--------+--------+-----+--------+
         Total |  46858 |  44893 |   1965 |  11653 |  25054 |  29 | 1615.8 |
       Dungeon |  23246 |  22003 |   1243 |   4128 |  14214 |  15 | 1549.7 |
        Temple |     29 |     15 |     14 |      0 |      6 |   1 |   29.0 |
          Lair |  10957 |  10586 |    371 |   2168 |   6313 |   6 | 1826.2 |
   Spider Nest |   8467 |   8313 |    154 |   4191 |   2707 |   4 | 2116.8 |
  Orcish Mines |   2697 |   2515 |    182 |    618 |   1137 |   2 | 1348.5 |
      Ice Cave |   1461 |   1461 |      0 |    547 |    677 |   1 | 1461.0 |
               +--------+--------+--------+--------+--------+-----+--------+

Top non-repeatable levels by time:
Spider:2: 3752 daAuts
    D:15: 2813 daAuts
  Lair:1: 2630 daAuts
  Lair:6: 2531 daAuts
    D:14: 2499 daAuts
Spider:3: 2496 daAuts
Spider:1: 2171 daAuts
    D:11: 2098 daAuts
  Lair:2: 2095 daAuts
     D:9: 1869 daAuts
     D:6: 1860 daAuts
   Orc:1: 1637 daAuts
     D:7: 1620 daAuts
     D:8: 1596 daAuts
    D:13: 1582 daAuts
